[Event "ICCopen2017"]
[Site "Internet Chess Club"]
[Date "2017.03.19"]
[Round "7"]
[White "Shadeath"]
[Black "LittleMaster"]
[Result "1-0"]
[ICCResult "Black checkmated"]
[WhiteElo "2879"]
[BlackElo "2316"]
[Opening "QGD Slav: exchange variation"]
[ECO "D13"]
[NIC "SL.02"]
[Time "20:26:32"]
[TimeControl "180+0"]

1. d4 d5 2. Nf3 c6 3. c4 Nf6 4. cxd5 cxd5 5. Nc3 e6 6. Bg5 Nc6 7. e3 Be7 8.
Bd3 O-O 9. Rc1 h6 10. Bh4 Bd7 11. O-O Rc8 12. a3 a6 13. h3 b5 14. Bb1 Rb8
15. Ne2 Ne4 16. Bxe7 Qxe7 17. Nf4 f5 18. Nd3 Rbc8 19. b4 Nd6 20. Nde5 Nxe5
21. Nxe5 Nc4 22. Ng6 Qg5 23. Nxf8 Rxf8 24. Rc3 Rf6 25. Bd3 Rg6 26. g4 e5 27.
Bxc4 bxc4 28. Kh2 fxg4 29. Rg1 Qh4 30. Rg3 Rf6 31. Qg1 e4 32. Rc2 Rf3 33.
Rxf3 exf3 34. Qg3 Qxg3+ 35. Kxg3 gxh3 36. e4 dxe4 37. Rxc4 Kf7 38. d5 Ke7
39. Rxe4+ Kd6 40. Rd4 g5 41. Kxf3 h5 42. Kg3 h4+ 43. Kh2 g4 44. Rd2 Ke5 45.
Rd1 Kf4 46. d6 g3+ 47. fxg3+ hxg3+ 48. Kg1 h2+ 49. Kg2 Bc6+ 50. Kh3 Bd7+ 51.
Kg2 Bc6+ 52. Kh3 h1=Q+ 53. Rxh1 Bxh1 54. d7 g2 55. Kh2 Ke4 56. Kg1 Ke5 57.
d8=Q Ke6 58. Qa5 Kd6 59. Qxa6+ Kc7 60. Qa5+ Kc8 61. Qc5+ Kd8 62. Qd6+ Ke8
63. Qc7 Kf8 64. b5 Kg8 65. b6 Kf8 66. b7 Ke8 67. b8=Q# {Black checkmated}
1-0

[Event "ICCopen2017"]
[Site "Internet Chess Club"]
[Date "2017.03.19"]
[Round "7"]
[White "Spirals"]
[Black "Fighterman"]
[Result "1-0"]
[ICCResult "Black forfeits on time"]
[WhiteElo "2159"]
[BlackElo "2457"]
[Opening "Robatsch (modern) defense"]
[ECO "B06"]
[NIC "KF.05"]
[Time "20:26:41"]
[TimeControl "180+0"]

1. e4 g6 2. d4 Bg7 3. Nc3 d6 4. h3 c6 5. a4 Nf6 6. Nf3 O-O 7. Be2 e5 8. dxe5
dxe5 9. Qxd8 Rxd8 10. O-O Nbd7 11. Be3 Re8 12. a5 Bf8 13. Rfd1 Bc5 14. Bxc5
Nxc5 15. Ng5 h6 16. b4 Nb3 17. cxb3 hxg5 18. b5 c5 19. Bc4 Be6 20. Rd6 Bxc4
21. bxc4 Re6 22. Rxe6 fxe6 23. Rd1 Kf7 24. f3 Ke7 25. Kf2 Ne8 26. Na4 Rc8
27. Kg3 Nd6 28. Rc1 Nf7 29. Kf2 Nd6 30. Ke3 Nf7 31. Ke2 Nd6 32. Nb2 b6 33.
axb6 axb6 34. Ra1 Rc7 35. Ra6 Rb7 36. Kd3 Rd7 37. Kc3 Nc8 38. Nd3 Kd6 39.
Ra8 Rc7 40. Ra6 Rb7 41. Ra8 Rc7 42. g3 Ke7 43. Nxe5 Kf6 44. Nc6 e5 45. Ra2
Ke6 46. Rd2 Ne7 47. Nxe7 Rxe7 48. Rd3 Ra7 49. Kd2 Ra2+ 50. Ke3 Rc2 51. Ra3
Rxc4 52. Ra6 Rc3+ 53. Ke2 Rb3 54. Rxb6+ Kf7 55. h4 gxh4 56. gxh4 c4 57. Rb7+
Ke6 58. Rb6+ Kf7 59. Rb7+ Ke6 60. Rc7 Rxb5 61. Rc6+ Kf7 62. Rxc4 Rb3 63. Kf2
Rb2+ 64. Kg3 Rb7 65. Rc5 Rc7 66. Rxc7+ Kf6 67. Rc6+ Kg7 68. Kg4 Kh6 69. Rc5
g5 70. hxg5+ {Black forfeits on time} 1-0

[Event "ICCopen2017"]
[Site "Internet Chess Club"]
[Date "2017.03.19"]
[Round "7"]
[White "Mormegil"]
[Black "MichailovM"]
[Result "0-1"]
[ICCResult "White forfeits on time"]
[WhiteElo "1755"]
[BlackElo "2172"]
[Opening "Queen's pawn game"]
[ECO "A46"]
[NIC "QP.06"]
[Time "20:26:48"]
[TimeControl "180+0"]

1. Nf3 Nf6 2. d4 e6 3. g3 c5 4. Bg2 cxd4 5. Nxd4 d5 6. O-O Nc6 7. c4 Be7 8.
Nc3 O-O 9. cxd5 exd5 10. Bg5 h6 11. Be3 Re8 12. h3 Bf8 13. Rc1 Rxe3 14. fxe3
Ne5 15. Nf3 Nc4 16. Qd4 Qd6 17. b3 Nb6 18. Nb5 Qxg3 19. Ne5 Bxh3 20. Rf2 Ne4
21. Rcf1 Bc5 22. Qxd5 Bxe3 23. Qxe4 Bxf2+ 24. Rxf2 Re8 25. Qf3 Qxf3 26. Nxf3
Bd7 27. Nd6 Re7 28. Nd4 Bg4 29. Nxb7 Rc7 30. Nd6 h5 31. Ne4 Nd5 32. Nf3 Ne3
33. Kh2 Bf5 34. Ng3 Ng4+ 35. Kg1 Nxf2 36. Kxf2 Bg6 37. Nh4 Rc2 38. Nxg6 fxg6
39. Be4 Rxa2 40. Bxg6 h4 41. Nf5 h3 42. Kg3 Rxe2 43. Kxh3 Rb2 44. Ne7+ Kf8
45. Nd5 Rxb3+ 46. Kg4 a5 47. Kf5 a4 48. Ke6 a3 49. Bc2 Rb2 50. Bd3 a2 51.
Ne3 a1=Q 52. Bg6 Rb6+ {White forfeits on time} 0-1

[Event "ICCopen2017"]
[Site "Internet Chess Club"]
[Date "2017.03.19"]
[Round "7"]
[White "giovana64"]
[Black "tonychess2014"]
[Result "1-0"]
[ICCResult "Black forfeits on time"]
[WhiteElo "1541"]
[BlackElo "1805"]
[Opening "Benkö gambit"]
[ECO "A57"]
[NIC "BI.46"]
[Time "20:26:39"]
[TimeControl "180+0"]

1. d4 Nf6 2. c4 c5 3. d5 b5 4. Qc2 bxc4 5. e4 d6 6. Bxc4 g6 7. Nc3 Bg7 8.
Nf3 O-O 9. O-O a5 10. h3 Ba6 11. Nb5 Qb6 12. Na3 Nbd7 13. Bxa6 Rxa6 14. Nc4
Qc7 15. Rb1 Rb8 16. Bf4 Ne8 17. Rfe1 Rb4 18. e5 dxe5 19. Bxe5 Nxe5 20. Nfxe5
Nd6 21. a3 Rb8 22. Nc6 Rxc6 23. dxc6 Qxc6 24. Rxe7 Nf5 25. Ree1 Nd4 26. Qe4
Qb5 27. Nd6 Qb3 28. Re3 Qb6 29. Qd5 Rf8 30. Re7 Ne6 31. Nxf7 Rxf7 32. Rxe6
Qc7 33. Re8+ Bf8 34. Rbe1 Kg7 35. Qe5+ Qxe5 36. R1xe5 Kf6 37. R8e6+ Kg7 38.
f3 Rf6 39. Rxf6 Kxf6 40. Rd5 Ke6 41. Rd2 Ke7 42. Rd1 Kf7 43. Re1
{Black forfeits on time}
1-0

[Event "ICCopen2017"]
[Site "Internet Chess Club"]
[Date "2017.03.19"]
[Round "7"]
[White "fishmaster"]
[Black "leole51"]
[Result "0-1"]
[ICCResult "White checkmated"]
[WhiteElo "1797"]
[BlackElo "1645"]
[Opening "Scotch gambit: Dubois-Réti defense"]
[ECO "C55"]
[NIC "KP.02"]
[Time "20:26:18"]
[TimeControl "180+0"]

1. e4 e5 2. Nf3 Nc6 3. d4 exd4 4. Bc4 Nf6 5. e5 d5 6. Bb5 Nd7 7. O-O Be7 8.
Bxc6 bxc6 9. Nxd4 Nb8 10. Be3 c5 11. Nf3 d4 12. Bf4 Bb7 13. Nbd2 O-O 14. Re1
Nd7 15. Ne4 f5 16. exf6 Nxf6 17. Nxf6+ Bxf6 18. Bg3 Qd5 19. Qe2 Rae8 20.
Qxe8 Rxe8 21. Rxe8+ Kf7 22. Rae1 Qd7 23. Bh4 Bxf3 24. Bxf6 Qg4 25. R8e7+
Kxf6 26. R7e6+ Qxe6 27. Rxe6+ Kxe6 28. gxf3 c4 29. Kf1 Kf5 30. Ke2 Kg5 31.
b3 cxb3 32. axb3 Kh4 33. Kd3 Kh3 34. Kxd4 Kxh2 35. Kc5 h5 36. Kc6 h4 37.
Kxc7 h3 38. Kb7 Kg2 39. c4 h2 40. c5 h1=Q 41. c6 Qc1 42. c7 Kxf3 43. c8=Q
Qxc8+ 44. Kxc8 Kxf2 45. Kb7 g5 46. Kxa7 g4 47. b4 g3 48. b5 g2 49. b6 g1=Q
50. b7 Qa1+ 51. Kb8 Qe5+ 52. Kc8 Qc5+ 53. Kd7 Qd5+ 54. Kc7 Qc5+ 55. Kd7 Qb6
56. Kc8 Qc6+ 57. Kb8 Ke3 58. Ka7 Qa4+ 59. Kb8 Kd4 60. Kc7 Qa5+ 61. Kc6 Qc5+
62. Kd7 Qb6 63. Kc8 Qc6+ 64. Kb8 Kc5 65. Ka7 Qa4+ 66. Kb8 Kd6 67. Kc8 Qc6+
68. Kb8 Qc7+ 69. Ka7 Qa5+ 70. Kb8 Kc6 71. Kc8 Qc7# {White checkmated} 0-1

[Event "ICCopen2017"]
[Site "Internet Chess Club"]
[Date "2017.03.19"]
[Round "7"]
[White "ural"]
[Black "Alwaysontime"]
[Result "1-0"]
[ICCResult "Black forfeits on time"]
[WhiteElo "2478"]
[BlackElo "2183"]
[Opening "Sicilian defense"]
[ECO "B20"]
[NIC "SI.48"]
[Time "20:26:35"]
[TimeControl "180+0"]

1. e4 c5 2. b3 b6 3. Bb2 Bb7 4. Qf3 e6 5. Nc3 Nf6 6. Qg3 d6 7. Bb5+ Nc6 8.
O-O-O a6 9. Bxc6+ Bxc6 10. f3 Qc7 11. Nge2 O-O-O 12. d4 cxd4 13. Nxd4 Bb7
14. Rd3 Kb8 15. Rhd1 d5 16. Qxc7+ Kxc7 17. exd5 exd5 18. Nce2 Bc8 19. Ng3
Bd6 20. Ndf5 Bf4+ 21. Kb1 Bxg3 22. Nxg3 Be6 23. Bxf6 gxf6 24. Nh5 f5 25. Nf4
Kc6 26. c4 d4 27. Rxd4 Rxd4 28. Rxd4 b5 29. cxb5+ axb5 30. Kb2 Rg8 31. g3 h6
32. Kc3 Kc5 33. Nd3+ Kb6 34. Rd6+ Kc7 35. Ra6 Kb7 36. Nc5+ Kc7 37. Nxe6+
fxe6 38. Rxe6 Rd8 39. Rxh6 Rd1 40. Rf6 Rh1 41. Rxf5 Rxh2 42. a4 bxa4 43.
bxa4 Rg2 44. g4 Kb6 45. a5+ Ka6 46. Kd4 Rd2+ 47. Ke3 Rg2 48. Kf4 Rg1 49. g5
Rg2 50. Re5 Rb2 51. Kf5 Rb3 52. f4 Rb4 53. g6 Rb1 54. g7 Rg1 55. Re6+ Kxa5
56. Rg6 Rf1 57. g8=Q Kb4 58. Qb8+ Kc3 59. Rc6+ Kd4 60. Qd8+ Ke3 61. Rc3+ Kf2
62. Qd2+ Kg1 63. Rg3+ {Black forfeits on time} 1-0

[Event "ICCopen2017"]
[Site "Internet Chess Club"]
[Date "2017.03.19"]
[Round "7"]
[White "Federicov"]
[Black "ibarra"]
[Result "1-0"]
[ICCResult "Black forfeits on time"]
[WhiteElo "3082"]
[BlackElo "2711"]
[Opening "Old Indian: Janowski variation"]
[ECO "A53"]
[NIC "OI.04"]
[Time "20:25:55"]
[TimeControl "180+0"]

1. d4 Nf6 2. c4 d6 3. Nc3 Bf5 4. f3 e5 5. e4 exd4 6. Qxd4 Nc6 7. Qd2 Be6 8.
b3 g6 9. Bb2 Bg7 10. Bd3 O-O 11. Nge2 Nd7 12. h4 Nc5 13. h5 a5 14. Bc2 Nb4
15. Rd1 a4 16. h6 Bh8 17. Nxa4 Nxa4 18. Bxh8 Nxc2+ 19. Qxc2 Kxh8 20. bxa4
Qf6 21. c5 dxc5 22. Qxc5 Kg8 23. Qc3 Qxc3+ 24. Nxc3 Ra5 25. Kf2 f5 26. Rhe1
Kf7 27. Rd4 Rc5 28. exf5 gxf5 29. Ne2 Rc2 30. a3 Bc4 31. Rd7+ Kg6 32. Re7
Rf7 33. Re3 Kxh6 34. Rc1 Rxe2+ 35. Rxe2 Bxe2 36. Kxe2 Kg5 37. g3 h5 38. Kf2
h4 39. gxh4+ Kxh4 40. Ke3 Kg5 41. Rg1+ Kf6 42. Rc1 Re7+ 43. Kf4 Rd7 44. a5
Rd4+ 45. Ke3 Ra4 46. Rxc7 Rxa3+ 47. Kf4 Ra4+ 48. Kg3 Rxa5 49. Rxb7 Ra4 50.
Rb6+ Kg5 51. Rb8 f4+ 52. Kh3 Ra3 53. Rg8+ Kh5 54. Rh8+ Kg5 55. Rg8+ Kh5 56.
Kg2 Ra2+ 57. Kf1 Ra1+ 58. Ke2 Ra2+ 59. Kd3 Ra4 60. Rg4 Rb4 61. Kc3 Ra4 62.
Kb3 Rd4 63. Kc2 Ra4 64. Kd2 Rd4+ 65. Ke2 Ra4 66. Rg1 Ra3 67. Kf2 Ra2+ 68.
Kf1 Kh4 69. Rg4+ Kh3 70. Rxf4 Kg3 71. Rf7 Rf2+ 72. Ke1 Rxf3 73. Rg7+ Kf4 74.
Ke2 Re3+ 75. Kd2 Re5 76. Rf7+ Rf5 77. Rh7 Ke5 78. Re7+ Kf6 79. Rh7 Re5 80.
Kd3 Kf5 81. Kd4 Re6 82. Rh5+ Kg6 83. Rh1 Rf6 84. Rg1+ Kf7 85. Rh1 Rg6 86.
Ke5 Rf6 87. Kd5 Kg6 88. Rg1+ Kf7 89. Rg2 Rg6 90. Rf2+ Rf6 91. Rh2 Rg6 92.
Ke5 Kg7 93. Rh3 Rg5+ 94. Kf4 Rg6 95. Rd3 Rf6+ 96. Ke5 Rg6 97. Rd7+ Kh6 98.
Rc7 Rg5+ 99. Kf4 Rg6 100. Rc3 Rg7 101. Ke5 Kg6 102. Rg3+ Kf7 103. Rf3+ Kg8
104. Rh3 Rf7 105. Ke6 Rg7 106. Rd3 Rg6+ 107. Ke7 Rg7+ 108. Ke8 Kh7 109. Rg3
Rg6 110. Rh3+ {Black forfeits on time} 1-0

[Event "ICCopen2017"]
[Site "Internet Chess Club"]
[Date "2017.03.19"]
[Round "7"]
[White "Chaos23"]
[Black "iragefree"]
[Result "1-0"]
[ICCResult "Black forfeits on time"]
[WhiteElo "1893"]
[BlackElo "1627"]
[Opening "Sicilian defense"]
[ECO "B40"]
[NIC "SI.43"]
[Time "20:26:24"]
[TimeControl "180+0"]

1. e4 c5 2. Nf3 e6 3. c3 d5 4. exd5 exd5 5. Bb5+ Nc6 6. O-O Bd6 7. d4 Ne7 8.
Be3 cxd4 9. Nxd4 O-O 10. Nd2 a6 11. Ba4 b5 12. Bc2 Nxd4 13. Bxd4 Bf5 14. Nf3
Be4 15. Re1 Bg6 16. Bxg6 Nxg6 17. Qd3 Re8 18. g3 Qd7 19. Kg2 Qg4 20. Be3
Rad8 21. h3 Qxf3+ 22. Kxf3 Ne5+ 23. Ke2 Nxd3 24. Kxd3 b4 25. Bd4 bxc3 26.
Bxc3 Bc5 27. Bd4 Bxd4 28. Kxd4 Kf8 29. Rxe8+ Rxe8 30. f3 Re2 31. Rb1 Rf2 32.
Ke3 Rh2 33. h4 h5 34. a4 Rc2 35. b4 Ke7 36. b5 axb5 37. axb5 Kd8 38. b6 Kc8
39. Rb3 Kb7 40. Kd4 Rg2 41. Kxd5 Rxg3 42. Kd6 Rg6+ 43. Ke7 Rf6 44. Kf8 Rf4
45. Kxg7 Rxh4 46. Kxf7 Rf4+ 47. Kg6 h4 48. Kg5 Rf8 49. Kg4 Rg8+ 50. Kxh4 Rf8
51. Kg4 Rg8+ 52. Kf4 Rc8 53. Ke3 Rc6 54. f4 Rxb6 55. Rxb6+ Kxb6 56. Ke4 Kc7
57. Kf5 Kd8 58. Kg6 Ke8 59. Kg7 Ke7 60. f5 Ke8 61. f6 Kd7 62. f7 Ke6 63.
f8=Q Kd5 64. Qf6 Ke4 65. Kg6 Kd3 66. Kg5 Ke2 67. Qf5 Kd2 68. Qe5 Kd3 69. Kf4
Kc4 70. Qe4+ Kc3 71. Ke3 Kb2 72. Qd4+ Kb1 73. Ke2 Ka2 74. Qe3 Ka1 75. Ke1
Kb1 76. Qd3+ Ka2 77. Qd2+ {Black forfeits on time} 1-0

[Event "ICCopen2017"]
[Site "Internet Chess Club"]
[Date "2017.03.19"]
[Round "7"]
[White "bennywins"]
[Black "guruduff"]
[Result "0-1"]
[ICCResult "White forfeits on time"]
[WhiteElo "1466"]
[BlackElo "1716"]
[Opening "Old Benoni defense"]
[ECO "A43"]
[NIC "OI.09"]
[Time "20:26:30"]
[TimeControl "180+0"]

1. d4 c5 2. Nf3 e6 3. c4 d5 4. Nc3 Nc6 5. dxc5 Bxc5 6. cxd5 exd5 7. Qxd5 Qb6
8. e3 Be6 9. Qd1 Nf6 10. Bb5 O-O 11. O-O Rad8 12. Qc2 Nb4 13. Qe2 a6 14. Bc4
Nfd5 15. Na4 Qc7 16. Nxc5 Qxc5 17. Bxd5 Bxd5 18. Bd2 Bc4 19. Rac1 Bxe2 20.
Rxc5 Bxf1 21. Bxb4 Bb5 22. a4 Rd1+ 23. Ne1 Bc6 24. a5 Rfd8 25. h3 h6 26. Kh2
Bb5 27. Re5 f6 28. Re7 Bc6 29. Rc7 Rb1 30. Bc3 Rdd1 31. Nf3 Rh1+ 32. Kg3 Kh7
33. Re7 Bxf3 34. Kxf3 Rbf1 35. Bxf6 Kg6 36. Bxg7 Ra1 37. b4 Ra3 38. Bd4 h5
39. Rg7+ Kh6 40. Rg3 Rb1 41. h4 Rbb3 42. Bg7+ Kh7 43. Bf6 Kh6 44. Bg5+ Kh7
45. Bf4 Rxb4 46. Rg5 Rxf4+ 47. Kxf4 Ra4+ 48. Kg3 Rg4+ 49. Kh2 Rxg5 50. g3
Kg6 51. hxg5 Kxg5 52. f4+ Kf5 53. e4+ Kxe4 54. g4 hxg4 {White forfeits on
time} 0-1

[Event "ICCopen2017"]
[Site "Internet Chess Club"]
[Date "2017.03.19"]
[Round "7"]
[White "Ernie1"]
[Black "bythebook"]
[Result "1-0"]
[ICCResult "Black forfeits on time"]
[WhiteElo "1298"]
[BlackElo "1569"]
[Opening "Trompowsky attack (Ruth, Opocenský opening)"]
[ECO "A45"]
[NIC "QP.07"]
[Time "20:26:55"]
[TimeControl "180+0"]

1. d4 Nf6 2. Bg5 g6 3. Bxf6 exf6 4. Nf3 Bg7 5. e3 d5 6. c3 O-O 7. Bd3 Re8 8.
Qc2 f5 9. Nbd2 f4 10. e4 dxe4 11. Nxe4 f5 12. Bc4+ Kh8 13. h4 fxe4 14. Ng5
Rf8 15. Nf7+ Rxf7 16. Bxf7 Qe7 17. Bb3 Bf5 18. Qe2 e3 19. fxe3 fxe3 20. h5
g5 21. Bc2 Bxc2 22. Qxc2 Nc6 23. O-O-O Re8 24. Rde1 g4 25. Re2 Qg5 26. Rhe1
Bh6 27. Kb1 Qxh5 28. Qb3 b6 29. Qc4 Na5 30. Qb5 Qxb5 31. b4 Qd3+ 32. Kb2
Nc4+ 33. Kb3 Re6 34. a4 a6 35. Rc2 b5 36. a5 c5 37. bxc5 Nd2+ 38. Kb2
{Black forfeits on time}
1-0

[Event "ICCopen2017"]
[Site "Internet Chess Club"]
[Date "2017.03.19"]
[Round "7"]
[White "BillietheKid"]
[Black "UkeCat"]
[Result "1-0"]
[ICCResult "Black checkmated"]
[WhiteElo "1379"]
[BlackElo "1109"]
[Opening "Philidor's defense"]
[ECO "C41"]
[NIC "KP.10"]
[Time "20:27:34"]
[TimeControl "180+0"]

1. e4 e5 2. Nf3 d6 3. Bc4 Nf6 4. d3 Be7 5. Nc3 Bd7 6. O-O Nc6 7. Bg5 Na5 8.
Bb3 Nxb3 9. axb3 O-O 10. Ne2 c6 11. c3 Bg4 12. Ng3 h6 13. Be3 Nh5 14. Nxh5
Bxh5 15. d4 f6 16. Qe2 a6 17. Rfd1 d5 18. dxe5 fxe5 19. exd5 cxd5 20. Bc1 e4
21. c4 exf3 22. Qe3 Bg5 23. Qc5 Bxc1 24. Raxc1 fxg2 25. Rxd5 Qh4 26. Rxh5
Rac8 27. Qd5+ Kh8 28. Rxh4 Rcd8 29. Qxg2 Kh7 30. Rg4 Rg8 31. Qxb7 Rdf8 32.
Re1 Rd8 33. Qxa6 Rd2 34. Qg6+ Kh8 35. Re7 Rd1+ 36. Kg2 Rg1+ 37. Kxg1 h5 38.
Rxg7 Rxg7 39. Qxg7# {Black checkmated} 1-0

[Event "ICCopen2017"]
[Site "Internet Chess Club"]
[Date "2017.03.19"]
[Round "7"]
[White "shredded"]
[Black "Ricardov"]
[Result "1-0"]
[ICCResult "Black checkmated"]
[WhiteElo "2763"]
[BlackElo "2264"]
[Opening "Benoni: 6.e4"]
[ECO "A65"]
[NIC "QP.07"]
[Time "20:27:25"]
[TimeControl "180+0"]

1. d4 Nf6 2. c4 e6 3. Nc3 c5 4. d5 exd5 5. cxd5 d6 6. e4 g6 7. Bd3 Bg7 8. h3
O-O 9. Nf3 Ne8 10. O-O Nd7 11. Bf4 Ne5 12. Nxe5 dxe5 13. Be3 b6 14. a3 Nd6
15. b4 cxb4 16. axb4 a5 17. Na4 axb4 18. Nxb6 Rxa1 19. Qxa1 f5 20. Nxc8 Qxc8
21. Rc1 Qb8 22. Qa6 fxe4 23. Bb1 Nf5 24. Qe6+ Kh8 25. Bc5 Re8 26. Qf7 Bh6
27. Re1 Rc8 28. d6 Rf8 29. Qd5 e3 30. fxe3 Bg7 31. d7 Rd8 32. Bxf5 gxf5 33.
Be7 Qb6 34. Bxd8 Qxd8 35. Qe6 Bf6 36. Qe8+ Kg7 37. Qxd8 Bxd8 38. Rb1 Kf7 39.
Rxb4 Ke6 40. Rb7 Bg5 41. Kf2 e4 42. Ke2 h5 43. g3 h4 44. gxh4 Bxh4 45. Kd2
Bf6 46. Kc2 Kd6 47. Rb6+ Kxd7 48. Rxf6 f4 49. Rxf4 Ke6 50. h4 Ke5 51. h5 Kd5
52. h6 Ke5 53. h7 Kd5 54. h8=Q Ke6 55. Qf6+ Kd7 56. Rg4 Kc7 57. Rg7+ Kc8 58.
Qf8# {Black checkmated} 1-0

[Event "ICCopen2017"]
[Site "Internet Chess Club"]
[Date "2017.03.19"]
[Round "7"]
[White "FiveCardDraw"]
[Black "x-plica"]
[Result "1/2-1/2"]
[ICCResult "White stalemated"]
[WhiteElo "1500"]
[BlackElo "1356"]
[Opening "Queen's pawn"]
[ECO "A40"]
[NIC "QO.17"]
[Time "20:28:06"]
[TimeControl "180+0"]

1. d4 e6 2. c4 c5 3. d5 d6 4. e4 Be7 5. Nc3 Bf6 6. Nf3 Bxc3+ 7. bxc3 e5 8.
h3 h6 9. g4 Nf6 10. Bd3 a6 11. a4 b6 12. Qb3 Bd7 13. Rb1 b5 14. axb5 a5 15.
Be3 Qb6 16. Ra1 Nh7 17. Ra4 Ng5 18. Ke2 Nxf3 19. Kxf3 g6 20. Ke2 h5 21. g5
Ke7 22. h4 f5 23. f3 f4 24. Bf2 Kf7 25. Rha1 Rd8 26. Qa2 Be8 27. Rxa5 Rxa5
28. Qxa5 Qxa5 29. Rxa5 Nd7 30. Ra7 Kg8 31. Be1 Nb6 32. Kd2 Ra8 33. Rxa8 Nxa8
34. Bc2 Nb6 35. Kd3 Bd7 36. Bb3 Bh3 37. Bd2 Bg2 38. Bd1 Na4 39. Kc2 Nb6 40.
Kb3 Kf7 41. Ka3 Ke7 42. Kb3 Kd7 43. Ka3 Kc7 44. Kb3 Kb7 45. Be2 Kc7 46. Bd1
Kd7 47. Be2 Ke7 48. Bd1 Bf1 49. Kc2 Bxc4 50. Kb2 Bxb5 51. Bb3 c4 52. Bc2 Ba4
53. Kc1 Bxc2 54. Kxc2 Na4 55. Kb1 Nb6 56. Kc2 Kd7 57. Kb1 Kc7 58. Kc2 Kb7
59. Kb1 Ka6 60. Ka2 Kb5 61. Ka3 Na4 62. Ka2 Nc5 63. Ka3 Nd3 64. Ka2 Nf2 65.
Ka3 Nh1 66. Ka2 Ng3 67. Ka3 Nf1 68. Ka2 Nxd2 69. Ka3 Nb1+ 70. Ka2 Nxc3+ 71.
Kb2 Ne2 72. Kc2 Ng3 73. Kd2 Kb4 74. Kc2 c3 75. Kc1 Kb3 76. Kb1 c2+ 77. Kc1
Ne2+ 78. Kd2 c1=Q+ 79. Kxe2 Qc2+ 80. Kf1 Qd3+ 81. Kg2 Qe3 82. Kf1 Kc3 83.
Kg2 Kd2 84. Kf1 Kd1 85. Kg2 Qe2+ 86. Kh3 Qxf3+ 87. Kh2 Qg3+ 88. Kh1 Qxh4+
89. Kg2 Qxg5+ 90. Kh1 Qg3 {White stalemated} 1/2-1/2

[Event "ICCopen2017"]
[Site "Internet Chess Club"]
[Date "2017.03.19"]
[Round "7"]
[White "RobbieWilliams"]
[Black "Buscapina"]
[Result "0-1"]
[ICCResult "White resigns"]
[WhiteElo "1842"]
[BlackElo "1989"]
[Opening "Queen's pawn"]
[ECO "A40"]
[NIC "QO.17"]
[Time "20:27:27"]
[TimeControl "180+0"]

1. d4 e6 2. e3 d5 3. Bd3 Nf6 4. Nd2 c5 5. c3 Nc6 6. f4 Rb8 7. Ngf3 b5 8. a3
a5 9. O-O c4 10. Bc2 b4 11. axb4 axb4 12. Ne5 Bd7 13. Nxd7 Qxd7 14. e4 b3
15. Bb1 dxe4 16. Nxe4 Be7 17. Qe2 O-O 18. Qxc4 Rfc8 19. Qd3 g6 20. Be3 Nd5
21. Bd2 Nb6 22. Ng5 Bf8 23. Qh3 h6 24. Ne4 Bg7 25. Bd3 Rd8 26. Be3 e5 27.
fxe5 Qxh3 28. gxh3 Nxe5 29. Be2 Nec4 30. Bxc4 Nxc4 31. Bc1 Re8 32. Nd6 Nxd6
33. Ra6 Nf5 34. Kf2 Re7 35. Rg1 Rbe8 36. Rb6 Nxd4 37. Be3 Rxe3 38. cxd4 Bxd4
39. Rb7 Re1+ {White resigns} 0-1

[Event "ICCopen2017"]
[Site "Internet Chess Club"]
[Date "2017.03.19"]
[Round "7"]
[White "Theunrock"]
[Black "cheslikeyomama"]
[Result "1-0"]
[ICCResult "Black forfeits on time"]
[WhiteElo "1690"]
[BlackElo "1387"]
[Opening "Polish (Sokolsky) opening"]
[ECO "A00"]
[NIC "VO.10"]
[Time "20:28:36"]
[TimeControl "180+0"]

1. b4 g6 2. Bb2 Nf6 3. g4 Bg7 4. h4 O-O 5. h5 Nxg4 6. Bxg7 Kxg7 7. hxg6 fxg6
8. Nf3 Nc6 9. Qc1 e5 10. Qb2 d6 11. b5 Ne7 12. d4 Nf5 13. c4 Qf6 14. e3 exd4
15. e4 Ne7 16. Nbd2 Ne5 17. Be2 d3 18. O-O-O dxe2 19. Nxe5 exd1=Q+ 20. Rxd1
Qxe5 21. Qc2 Bg4 22. Re1 Qa1+ 23. Nb1 {Black forfeits on time} 1-0

[Event "ICCopen2017"]
[Site "Internet Chess Club"]
[Date "2017.03.19"]
[Round "8"]
[White "Paganini2"]
[Black "CeffylGlas"]
[Result "1-0"]
[ICCResult "Black checkmated"]
[WhiteElo "1451"]
[BlackElo "1256"]
[Opening "Modern defense: Averbakh system"]
[ECO "A40"]
[NIC "KF.04"]
[Time "20:38:37"]
[TimeControl "180+0"]

1. d4 g6 2. c4 d6 3. Nc3 Bg7 4. e4 e6 5. f3 Ne7 6. Nge2 h6 7. Ng3 a6 8. Rb1
Nbc6 9. Be3 g5 10. Nh5 Bf8 11. Nf6# {Black checkmated} 1-0

[Event "ICCopen2017"]
[Site "Internet Chess Club"]
[Date "2017.03.19"]
[Round "8"]
[White "jbow79"]
[Black "Balderdash"]
[Result "0-1"]
[ICCResult "White resigns"]
[WhiteElo "934"]
[BlackElo "1116"]
[Opening "Queen's pawn: Charlick (Englund) gambit"]
[ECO "A40"]
[NIC "QO.17"]
[Time "20:38:51"]
[TimeControl "180+0"]

1. d4 e5 2. dxe5 Qf6 3. Nf3 Qe6 4. Nc3 Bc5 5. e3 Ne7 6. Be2 Nd5 7. O-O Nxc3
8. bxc3 Nc6 9. Bb2 Nxe5 10. Nxe5 Qxe5 11. Qd4 Bxd4 {White resigns} 0-1

[Event "ICCopen2017"]
[Site "Internet Chess Club"]
[Date "2017.03.19"]
[Round "8"]
[White "Baltimora"]
[Black "simplerxiao"]
[Result "0-1"]
[ICCResult "White resigns"]
[WhiteElo "2286"]
[BlackElo "2072"]
[Opening "Queen's pawn game, Darooha variation "]
[ECO "D02"]
[NIC "QP.06"]
[Time "20:38:02"]
[TimeControl "180+0"]

1. d4 Nf6 2. Nf3 d5 3. g3 c5 4. Bg2 Nc6 5. O-O cxd4 6. Nxd4 e5 7. Nxc6 bxc6
8. c4 Be7 9. cxd5 cxd5 10. Bg5 Be6 11. Nc3 d4 12. Ne4 Nxe4 13. Bxe7 Qxe7 14.
Bxe4 Rd8 15. Qa4+ Bd7 16. Qxa7 O-O 17. Rac1 Qg5 18. Bg2 Bb5 19. Rfe1 Bxe2
20. h4 Qh6 21. Qa5 d3 {White resigns} 0-1

[Event "ICCopen2017"]
[Site "Internet Chess Club"]
[Date "2017.03.19"]
[Round "8"]
[White "BlueJ"]
[Black "jupiter26"]
[Result "1-0"]
[ICCResult "Black resigns"]
[WhiteElo "2051"]
[BlackElo "1726"]
[Opening "English: Caro-Kann defensive system"]
[ECO "A11"]
[NIC "EO.64"]
[Time "20:37:27"]
[TimeControl "180+0"]

1. c4 c6 2. Nf3 Nf6 3. Nc3 d5 4. e3 e6 5. b3 Bd6 6. Bb2 O-O 7. Qc2 Nbd7 8.
Be2 Qe7 9. O-O b6 10. cxd5 cxd5 11. Nb5 Bb7 12. Nxd6 Qxd6 13. Rac1 Rac8 14.
Qb1 e5 15. Qf5 Rxc1 16. Rxc1 Re8 17. h3 g6 18. Qg5 Kg7 19. Nh4 h6 20. Nf5+
{Black resigns}
1-0

[Event "ICCopen2017"]
[Site "Internet Chess Club"]
[Date "2017.03.19"]
[Round "8"]
[White "chessrex"]
[Black "Salvatore"]
[Result "1-0"]
[ICCResult "Black checkmated"]
[WhiteElo "1929"]
[BlackElo "1462"]
[Opening "Blackmar-Diemer: Euwe defense"]
[ECO "D00"]
[NIC "QP.07"]
[Time "20:38:31"]
[TimeControl "180+0"]

1. d4 Nf6 2. Nc3 d5 3. e4 dxe4 4. f3 exf3 5. Nxf3 e6 6. Bg5 Be7 7. Bd3 O-O
8. O-O Nbd7 9. Qe1 Kh8 10. Qh4 g6 11. Ne4 Rg8 12. Ne5 Nd5 13. Nxf7+ Kg7 14.
Qh6# {Black checkmated} 1-0

[Event "ICCopen2017"]
[Site "Internet Chess Club"]
[Date "2017.03.19"]
[Round "8"]
[White "Reti"]
[Black "GoogleGirl"]
[Result "0-1"]
[ICCResult "White resigns"]
[WhiteElo "2160"]
[BlackElo "1885"]
[Opening "French: MacCutcheon, Lasker variation"]
[ECO "C12"]
[NIC "FR.05"]
[Time "20:37:50"]
[TimeControl "180+0"]

1. e4 e6 2. d4 d5 3. Nc3 Nf6 4. Bg5 Bb4 5. e5 h6 6. Bd2 Bxc3 7. bxc3 Ne4 8.
Ke2 c5 9. Be1 b6 10. Ke3 O-O 11. h4 f5 12. Nh3 Qxh4 13. f3 f4+ 14. Ke2 Ba6+
15. c4 Bxc4+ {White resigns} 0-1

[Event "ICCopen2017"]
[Site "Internet Chess Club"]
[Date "2017.03.19"]
[Round "8"]
[White "Barbos"]
[Black "FGM21"]
[Result "1-0"]
[ICCResult "Black resigns"]
[WhiteElo "2486"]
[BlackElo "1913"]
[Opening "King's Indian: orthodox, Aronin-Taimanov, 9.Ne1"]
[ECO "E98"]
[NIC "KI.03"]
[Time "20:37:37"]
[TimeControl "180+0"]

1. d4 Nf6 2. c4 g6 3. Nc3 Bg7 4. e4 d6 5. Nf3 O-O 6. Be2 e5 7. O-O Nc6 8. d5
Ne7 9. Ne1 Nd7 10. Be3 f5 11. f3 f4 12. Bf2 g5 13. Nb5 a6 14. Na7 h5 15.
Nxc8 Qxc8 16. Rc1 b6 17. b4 a5 18. a3 axb4 19. axb4 Rf6 20. Nd3 Bf8 21. c5
dxc5 22. bxc5 bxc5 23. Nxc5 Nxc5 24. Bxc5 Ra2 25. Bxe7 Bxe7 26. d6 Rxe2 27.
dxe7 Rb2 28. Qd8+ {Black resigns} 1-0